 Dungeon Crawl Stone Soup version 0.23.1 (webtiles) character file.

Game seed: 1840141654195976837

259 Fang the Skirmisher (level 6, -1/39 HPs)
             Began as a Gargoyle Berserker on Mar 5, 2019.
             Was a Priest of Trog.
             Slain by a mummy (11 damage)
             ... in an ossuary.
             The game lasted 00:03:44 (3423 turns).

Fang the Skirmisher (Gargoyle Berserker)            Turns: 3423, Time: 00:03:45

Health: -1/39      AC:  6    Str: 23    XL:     6   Next: 17%
Magic:  6/6        EV: 12    Int:  7    God:    Trog [***...]
Gold:   186        SH:  0    Dex:  9    Spells: 5/5 levels left

rFire    . . .     SeeInvis .   a - +0 hand axe
rCold    . . .     Gourm    .   (no shield)
rNeg     + . .     Faith    .   b - +0 animal skin
rPois    ∞         Spirit   .   (no helmet)
rElec    +         Reflect  .   (no cloak)
rCorr    .         Harm     .   (no gloves)
MR       +....                  (no boots)
Stlth    +.........             (no amulet)
HPRegen  0.13/turn              d - ring of protection from magic
MPRegen  0.10/turn              (no ring)

@: no status effects
A: negative energy resistance 1, electricity resistance, unbreathing,
petrification resistance, rot immunity, AC +4
a: Berserk, Trog's Hand, Renounce Religion


You were in an ossuary.
You worshipped Trog.
Trog was most pleased with you.
You were not hungry.

You visited 1 branch of the dungeon, and saw 4 of its levels.
You also visited: Ossuary.

You collected 186 gold pieces.

Inventory:

Hand Weapons
 a - a +0 hand axe (weapon)
Armour
 b - a +0 animal skin (worn)
Jewellery
 d - a ring of protection from magic (left hand)
 n - an uncursed ring of stealth {unknown}
 q - a +6 ring of dexterity {unknown}
 r - a cursed amulet of inaccuracy {unknown}
Scrolls
 e - 4 scrolls of identify {unknown}
 m - 5 scrolls of remove curse {unknown}
 o - a scroll of teleportation {unknown}
 s - a scroll of enchant armour {unknown}
Potions
 f - a potion of agility {unknown}
 g - a potion of brilliance {unknown}
 h - a potion of haste {unknown}
 i - a potion of mutation {unknown}
 k - 3 potions of ambrosia {unknown}
 l - 3 potions of curing {unknown}
 p - a potion of magic {unknown}
Comestibles
 c - 5 rations


   Skills:
 + Level 4.6 Fighting
 + Level 3.8 Axes
 + Level 3.9 Armour
 + Level 2.8 Dodging


You had 5 spell levels left.
You didn't know any spells.
Your spell library was empty.

Dungeon Overview and Level Annotations

Branches:
Dungeon (4/15)
 Temple: D:4-7

Altars:
Ashenzari
Cheibriados
Fedhas
Qazlal
Yredelemnul
The Shining One

Shops:
D:4 (


Innate Abilities, Weirdness & Mutations

You are resistant to torment.
Your stone body is resilient. (AC +4)
You are immune to poison.
You resist negative energy. (rN+)
You are resistant to electric shocks. (rElec)
You can survive without breathing.
You are immune to petrification.
You are immune to rotting.


Message History

A mummy comes into view.
The mummy hits you!
You hit the mummy.
The mummy is heavily damaged.
You barely miss the mummy.
The mummy is heavily damaged.
The mummy hits you but does no damage.
You hit the mummy.
The mummy is heavily damaged.
You hit the mummy.
The mummy is severely damaged.
You barely miss the mummy.
The mummy is severely damaged.
You hit the mummy but do no damage. The mummy closely misses you.
You hit the mummy.
The mummy is almost destroyed.
You barely miss the mummy. The mummy hits you!
* * * LOW HITPOINT WARNING * * *
The mummy hits you!
You die...

### #####
#.'.#...#
#.M@∩.#
#.'.#M.∩#
### #####


You could see 2 mummies.

Vanquished Creatures
  An orc wizard (D:3)
  Jessica (D:2)
  A worker ant (D:4)
  A hound zombie (D:4)
  A hound skeleton (D:4)
  6 adders
  An ooze (D:1)
  2 worms (D:3)
  3 dart slugs
  2 leopard geckos (D:3)
  8 orcs
  7 ball pythons (D:3)
  3 giant cockroaches (D:4)
  5 goblins
  5 hobgoblins
  3 jackals (D:1)
  3 quokkas
  7 bats
  5 frilled lizards
  10 kobolds
  5 rats
80 creatures vanquished.

Notes
Turn   | Place    | Note
-------+----------+-------------------------------------------
     0 | D:1      | Fang the Gargoyle Berserker began the quest for the Orb.
     0 | D:1      | Reached XP level 1. HP: 14/14 MP: 1/1
   341 | D:1      | Reached XP level 2. HP: 18/19 MP: 2/2
   443 | D:1      | Reached XP level 3. HP: 14/23 MP: 3/3
   516 | D:1      | Reached ** piety under Trog
  1011 | D:2      | Found a snail-covered altar of Cheibriados.
  1110 | D:2      | Noticed Jessica
  1119 | D:2      | Killed Jessica
  1119 | D:2      | Reached XP level 4. HP: 25/29 MP: 4/4
  1160 | D:2      | Found a basalt altar of Yredelemnul.
  1379 | D:2      | Found a shattered altar of Ashenzari.
  1569 | D:2      | Reached skill level 4 in Fighting
  1928 | D:3      | Reached XP level 5. HP: 6/33 MP: 5/5
  2135 | D:3      | Found a glowing golden altar of the Shining One.
  2456 | D:3      | Reached *** piety under Trog
  2860 | D:3      | Found a blossoming altar of Fedhas.
  3054 | D:4      | Reached XP level 6. HP: 24/39 MP: 6/6
  3060 | D:4      | Found Gaujaut's Antique Weapon Shop.
  3188 | D:4      | Found a stormy altar of Qazlal.
  3325 | D:4      | Noticed a phantom
  3345 | D:4      | Found a sand-covered staircase.
  3356 | Ossuary  | Entered an ossuary
  3423 | Ossuary  | Slain by a mummy

Skill      XL: |  1  2  3  4 |
---------------+-------------+-----
Axes           | 3 |  3.8
Dodging        | 2 |  2.8
Armour         | 3 |  3.9
Fighting       | 4 |  4.6

Action                   |  1- 3 |  4- 6 || total
-------------------------+-------+-------++-------
Melee: Hand axe          |   105 |   256 ||   361
Invok: Berserk           |       |     1 ||     1
 Stab: Sleeping          |       |     2 ||     2
  Eat: Chunk             |     1 |     9 ||    10
Armor: Animal skin       |    33 |    87 ||   120
Dodge: Dodged            |    79 |   162 ||   241
